 Dungeon Crawl Stone Soup version 0.28-a0-906-g0406aca7d3 (webtiles) character file.

Game seed: 4510960236647007237

40 esteth the Digger (level 3, -3/19 HPs)
             Began as a Gargoyle Earth Elementalist on Nov 23, 2021.
             Slain by Terence (9 damage)
             ... on level 2 of the Dungeon.
             The game lasted 00:05:17 (2174 turns).

esteth the Digger (Gargoyle Earth Elementalist)     Turns: 2174, Time: 00:05:18

Health: -3/19      AC:  6    Str: 11    XL:     3   Next: 50%
Magic:  4/7        EV: 11    Int: 16    God:
Gold:   72         SH:  0    Dex: 10    Spells: 3/7 levels left

rFire   . . .      SeeInvis .   f - +0 club
rCold   . . .      Faith    .   (no shield)
rNeg    + . .      Spirit   .   m - +0 leather armour
rPois   ∞          Reflect  .   (no helmet)
rElec   +          Harm     .   (no cloak)
rCorr   .          Rampage  .   (no gloves)
Will    .....                   (no boots)
Stlth   ++........              i - amulet of the acrobat
HPRegen 0.06/turn               (no ring)
MPRegen 0.10/turn               (no ring)

@: no status effects
A: sickness immunity, AC +3, negative energy resistance 1, electricity
resistance, torment resistance 1, petrification resistance
a: no special abilities


You were on level 2 of the Dungeon.
You visited 1 branch of the dungeon, and saw 2 of its levels.

You collected 72 gold pieces.

Inventory:

Hand Weapons
 f - a +0 club (weapon)
Missiles
 c - 4 stones
Armour
 b - a +0 robe
 g - a +1 ring mail of fire resistance
 m - a +0 leather armour (worn)
Jewellery
 i - an amulet of the acrobat (around neck)
Scrolls
 l - 3 scrolls of identify
Potions
 d - a potion of resistance {unknown}
 e - a potion of lignification {unknown}
 h - a potion of magic {unknown}
 j - a potion of brilliance {unknown}
 k - a potion of flight {unknown}


   Skills:
 - Level 1.7 Dodging
 - Level 2.3 Stealth
 - Level 2.6 Spellcasting
 + Level 0.2 Conjurations
 - Level 1.0 Transmutations
 + Level 4.4 Earth Magic


You had 3 spell levels left.
You knew the following spells:

 Your Spells              Type           Power      Damage    Failure   Level
a - Sandblast             Erth           32%        2d9       4%          1
b - Stone Arrow           Conj/Erth      18%        3d8       30%         3

Your spell library contained the following spells:

 Spells                   Type           Power      Damage    Failure   Level
 Passwall                 Tmut/Erth      8%         N/A       13%         2
 Corpse Rot               Necr/Air       4%         N/A       36%         2
 Poisonous Vapours        Pois/Air       4%         N/A       36%         2
 Petrify                  Tmut/Erth      10%        N/A       63%         4


Dungeon Overview and Level Annotations

Branches:
Dungeon (2/15)

Altars:

Annotations:
D:2 Terence


Innate Abilities, Weirdness & Mutations

You are immune to sickness and miasma.
Your stone body is resilient. (AC +3)
You are immune to poison.
You resist negative energy. (rN+)
You are resistant to electric shocks. (rElec)
You are resistant to unholy torment.
You are immune to petrification.


Message History

Aiming: Sandblast (safe; 4% risk of failure)
Press: ? - help, Shift-Dir - straight line, f - Terence
Aim: Terence, wielding a +0 trident and wearing a +0 scale mail (82% to hit)
The blast of sand hits Terence!
Terence is moderately wounded.
Terence hits you from afar with a +0 trident!
Casting: Sandblast (safe; 4% risk of failure)
Confirm with . or Enter, or press ? or * to list all spells.
Aiming: Sandblast (safe; 4% risk of failure)
Press: ? - help, Shift-Dir - straight line, f/p - Terence
Aim: Terence, wielding a +0 trident and wearing a +0 scale mail (moderately wounded, 82% to hit)
The blast of sand hits Terence but does no damage.
Terence is moderately wounded.
Casting: Sandblast (safe; 4% risk of failure)
Confirm with . or Enter, or press ? or * to list all spells.
Aiming: Sandblast (safe; 4% risk of failure)
Press: ? - help, Shift-Dir - straight line, f/p - Terence
Aim: Terence, wielding a +0 trident and wearing a +0 scale mail (moderately wounded, 82% to hit)
The blast of sand hits Terence!
Terence is severely wounded.
Terence hits you from afar with a +0 trident.
Terence completely misses you.
Casting: Sandblast (safe; 4% risk of failure)
Confirm with . or Enter, or press ? or * to list all spells.
Aiming: Sandblast (safe; 4% risk of failure)
Press: ? - help, Shift-Dir - straight line, f/p - Terence
Aim: Terence, wielding a +0 trident and wearing a +0 scale mail (severely wounded, 82% to hit)
The blast of sand hits Terence.
Terence is almost dead.
Terence says, "How do you enjoy it?" Terence misses you.
Casting: Sandblast (safe; 4% risk of failure)
Confirm with . or Enter, or press ? or * to list all spells.
Aiming: Sandblast (safe; 4% risk of failure)
Press: ? - help, Shift-Dir - straight line, f/p - Terence
Aim: Terence, wielding a +0 trident and wearing a +0 scale mail (almost dead, 82% to hit)
The blast of sand hits Terence but does no damage.
Terence is almost dead.
Terence hits you from afar with a +0 trident!
You die...

### #.### ############...
...........#.##########
#.....................# #.#
######.#.########.# #.# #.#.# #.#
#.########.#.########.#
..............@.@..>..########
#.#........#..#####.#.........
#.#.########..#####.#############
#.#.# #..........................
#.#.# #.####..#####)#############
#.#.###.# #........##....#
......#.# ##.########.##.#
#..##.#.#####.########.##.#
#.....#.#...........##.##.#


You could see Terence.

Vanquished Creatures
  A worm (D:2)
  6 ball pythons (D:1)
  4 endoplasms
  A giant cockroach (D:1)
  3 goblins
  4 hobgoblins
  5 jackals (D:1)
  A quokka (D:1)
  2 bats (D:1)
  2 kobolds
  4 rats
33 creatures vanquished.

Notes
Turn   | Place    | Note
-------+----------+-------------------------------------------
     0 | D:1      | esteth the Gargoyle Earth Elementalist began the quest for
                  | the Orb.
     0 | D:1      | Reached XP level 1. HP: 10/10 MP: 3/3
   493 | D:1      | Reached skill level 1 in Transmutations
   493 | D:1      | Reached XP level 2. HP: 15/15 MP: 1/5
   684 | D:1      | Reached skill level 4 in Earth Magic
   910 | D:1      | Found a faded altar of an unknown god.
  1275 | D:1      | Reached XP level 3. HP: 14/19 MP: 3/6
  1865 | D:2      | Learned a level 3 spell: Stone Arrow
  1878 | D:2      | Noticed Terence
  2174 | D:2      | Slain by Terence

Illustrated notes

Levels and vault maps discovered:
D:1:      minmay_arrival_hallway, layout_rooms,
          chequers_ecumenical_altar_simple_redux, hex_large
D:2:      layout_basic, minmay_domino_2, uniq_terence

Skill      XL: |  1  2 |
---------------+-------+-----
Transmutations | 1 |  1.0
Earth Magic    | 4 |  4.4
Dodging        | |  1.7
Stealth        | |  2.3
Spellcasting   | |  2.6
Conjurations   | |  0.2

Action                   || total
-------------------------++-------
Melee: Unarmed           ||    23
       Club              ||   104
 Cast: Sandblast         ||    33
  Use: Scroll            ||     3
Armor: Robe              ||    14
       Ring mail         ||    64
Dodge: Dodged            ||   126

Table legend: (Time is in decaauts)
 A = Elapsed time spent in this place.
 B = Non-inter-level travel time spent in this place.
 C = Inter-level travel time spent in this place.
 D = Time resting spent in this place.
 E = Time spent auto-exploring this place.
 F = Levels seen in this place.
 G = Mean time per level.
                   A        B        C        D        E       F      G
               +--------+--------+--------+--------+--------+-----+--------+
         Total |   2204 |   2185 |     19 |    953 |    834 |   2 | 1102.0 |
       Dungeon |   2204 |   2185 |     19 |    953 |    834 |   2 | 1102.0 |
               +--------+--------+--------+--------+--------+-----+--------+

Top non-repeatable levels by time:
     D:1: 1538 daAuts
     D:2: 666 daAuts
